Unix NetHack Version 3.7.0-62 Work-in-progress - last build Sep 4 2022 05:15:49 (19f23e9df9cc3a1919452eed5d8f743ebdc3eec5,branch:master).

Game began 2022-09-09 16:25:10, ended 2022-09-11 08:44:17.

rustyspoon, neutral female human Tourist

  
unexplored area
unexplored area
unexplored area
unexplored area
unexplored area
unexplored area
unexplored area
unexplored area
unexplored area
unexplored area
unexplored area
unexplored area
unexplored area
unexplored area
unexplored area
unexplored area
unexplored area
unexplored area
unexplored area
unexplored area
unexplored area
unexplored area
unexplored area
unexplored area
unexplored area
unexplored area
unexplored area
unexplored area
unexplored area
unexplored area
unexplored area
unexplored area
unexplored area
unexplored area
unexplored area
unexplored area
unexplored area
unexplored area
unexplored area
unexplored area
unexplored area
unexplored area
unexplored area
unexplored area
unexplored area
unexplored area
unexplored area
unexplored area
unexplored area
unexplored area
unexplored area
unexplored area
unexplored area
unexplored area
unexplored area
unexplored area
unexplored area
unexplored area
unexplored area
unexplored area
unexplored area
unexplored area
unexplored area
unexplored area
unexplored area
unexplored area
unexplored area
unexplored area
unexplored area
unexplored area
unexplored area
unexplored area
unexplored area
unexplored area
unexplored area
unexplored area
unexplored area
unexplored area
unexplored area
unexplored area
unexplored area
unexplored area
unexplored area
unexplored area
unexplored area
unexplored area
unexplored area
unexplored area
unexplored area
unexplored area
unexplored area
unexplored area
unexplored area
unexplored area
unexplored area
unexplored area
unexplored area
unexplored area
unexplored area
unexplored area
unexplored area
unexplored area
unexplored area
unexplored area
unexplored area
unexplored area
unexplored area
unexplored area
unexplored area
unexplored area
unexplored area
unexplored area
unexplored area
unexplored area
unexplored area
unexplored area
unexplored area
unexplored area
unexplored area
unexplored area
unexplored area
unexplored area
unexplored area
unexplored area
unexplored area
unexplored area
unexplored area
unexplored area
unexplored area
unexplored area
unexplored area
unexplored area
unexplored area
unexplored area
unexplored area
unexplored area
unexplored area
unexplored area
unexplored area
unexplored area
unexplored area
unexplored area
unexplored area
unexplored area
unexplored area
unexplored area
unexplored area
unexplored area
unexplored area
unexplored area
unexplored area
unexplored area
unexplored area
unexplored area
unexplored area
unexplored area
unexplored area
unexplored area
unexplored area
unexplored area
unexplored area
unexplored area
unexplored area
unexplored area
unexplored area
unexplored area
unexplored area
unexplored area
unexplored area
unexplored area
unexplored area
unexplored area
unexplored area
unexplored area
unexplored area
unexplored area
unexplored area
unexplored area
unexplored area
unexplored area
unexplored area
unexplored area
unexplored area
unexplored area
unexplored area
unexplored area
unexplored area
unexplored area
unexplored area
unexplored area
unexplored area
unexplored area
unexplored area
unexplored area
unexplored area
unexplored area
unexplored area
unexplored area
unexplored area
unexplored area
unexplored area
unexplored area
unexplored area
unexplored area
unexplored area
unexplored area
unexplored area
unexplored area
unexplored area
unexplored area
unexplored area
unexplored area
unexplored area
unexplored area
unexplored area
unexplored area
unexplored area
unexplored area
unexplored area
unexplored area
unexplored area
unexplored area
unexplored area
unexplored area
unexplored area
unexplored area
unexplored area
unexplored area
unexplored area
unexplored area
unexplored area
unexplored area
unexplored area
unexplored area
unexplored area
unexplored area
unexplored area
unexplored area
unexplored area
unexplored area
unexplored area
unexplored area
unexplored area
unexplored area
unexplored area
unexplored area
unexplored area
unexplored area
unexplored area
unexplored area
unexplored area
unexplored area
unexplored area
unexplored area
unexplored area
unexplored area
unexplored area
unexplored area
unexplored area
unexplored area
unexplored area
unexplored area
unexplored area
unexplored area
unexplored area
unexplored area
unexplored area
unexplored area
unexplored area
unexplored area
unexplored area
unexplored area
wall
wall
wall
wall
wall
wall
wall
wall
wall
unexplored area
unexplored area
unexplored area
unexplored area
unexplored area
unexplored area
unexplored area
unexplored area
unexplored area
unexplored area
unexplored area
unexplored area
unexplored area
unexplored area
unexplored area
unexplored area
unexplored area
unexplored area
unexplored area
unexplored area
unexplored area
unexplored area
unexplored area
unexplored area
unexplored area
unexplored area
unexplored area
unexplored area
unexplored area
unexplored area
unexplored area
unexplored area
unexplored area
unexplored area
unexplored area
unexplored area
unexplored area
unexplored area
unexplored area
unexplored area
unexplored area
unexplored area
unexplored area
unexplored area
unexplored area
unexplored area
unexplored area
unexplored area
unexplored area
unexplored area
unexplored area
unexplored area
unexplored area
unexplored area
unexplored area
unexplored area
unexplored area
unexplored area
unexplored area
unexplored area
unexplored area
unexplored area
unexplored area
unexplored area
unexplored area
unexplored area
unexplored area
unexplored area
unexplored area
unexplored area
wall
.dark part of a room
.dark part of a room
.dark part of a room
.dark part of a room
.dark part of a room
.dark part of a room
.dark part of a room
wall
unexplored area
unexplored area
unexplored area
unexplored area
unexplored area
unexplored area
unexplored area
unexplored area
unexplored area
unexplored area
unexplored area
unexplored area
unexplored area
unexplored area
unexplored area
unexplored area
unexplored area
unexplored area
unexplored area
unexplored area
unexplored area
unexplored area
unexplored area
unexplored area
unexplored area
unexplored area
unexplored area
unexplored area
unexplored area
unexplored area
unexplored area
unexplored area
unexplored area
unexplored area
unexplored area
unexplored area
unexplored area
unexplored area
unexplored area
unexplored area
unexplored area
unexplored area
unexplored area
unexplored area
unexplored area
unexplored area
unexplored area
unexplored area
unexplored area
unexplored area
unexplored area
unexplored area
unexplored area
unexplored area
unexplored area
unexplored area
unexplored area
unexplored area
unexplored area
unexplored area
unexplored area
unexplored area
unexplored area
unexplored area
unexplored area
unexplored area
unexplored area
unexplored area
unexplored area
unexplored area
wall
.dark part of a room
.dark part of a room
.dark part of a room
.dark part of a room
.dark part of a room
.dark part of a room
.dark part of a room
wall
unexplored area
unexplored area
unexplored area
unexplored area
unexplored area
unexplored area
unexplored area
unexplored area
unexplored area
unexplored area
unexplored area
unexplored area
unexplored area
unexplored area
unexplored area
unexplored area
unexplored area
unexplored area
wall
wall
wall
wall
wall
unexplored area
unexplored area
unexplored area
unexplored area
unexplored area
unexplored area
unexplored area
unexplored area
unexplored area
unexplored area
unexplored area
unexplored area
unexplored area
unexplored area
unexplored area
unexplored area
unexplored area
unexplored area
unexplored area
unexplored area
unexplored area
unexplored area
unexplored area
unexplored area
unexplored area
unexplored area
unexplored area
unexplored area
unexplored area
unexplored area
unexplored area
unexplored area
unexplored area
unexplored area
unexplored area
unexplored area
unexplored area
unexplored area
unexplored area
unexplored area
unexplored area
unexplored area
unexplored area
unexplored area
unexplored area
unexplored area
unexplored area
wall
.dark part of a room
.dark part of a room
.dark part of a room
_aligned high altar
.dark part of a room
.dark part of a room
.dark part of a room
wall
unexplored area
unexplored area
unexplored area
unexplored area
unexplored area
unexplored area
unexplored area
unexplored area
unexplored area
unexplored area
unexplored area
unexplored area
unexplored area
unexplored area
unexplored area
unexplored area
unexplored area
unexplored area
wall
.dark part of a room
.dark part of a room
Apeaceful Angel of The Lady
unexplored area
unexplored area
unexplored area
unexplored area
unexplored area
unexplored area
unexplored area
unexplored area
unexplored area
unexplored area
unexplored area
unexplored area
unexplored area
unexplored area
unexplored area
unexplored area
unexplored area
unexplored area
unexplored area
unexplored area
unexplored area
unexplored area
unexplored area
unexplored area
unexplored area
unexplored area
unexplored area
unexplored area
unexplored area
unexplored area
unexplored area
unexplored area
unexplored area
unexplored area
unexplored area
unexplored area
unexplored area
unexplored area
unexplored area
unexplored area
unexplored area
unexplored area
unexplored area
unexplored area
unexplored area
unexplored area
unexplored area
unexplored area
wall
.dark part of a room
.dark part of a room
.dark part of a room
%a soldier ant corpse
.dark part of a room
.dark part of a room
.dark part of a room
wall
unexplored area
unexplored area
unexplored area
unexplored area
unexplored area
unexplored area
unexplored area
unexplored area
unexplored area
unexplored area
unexplored area
unexplored area
wall
unexplored area
unexplored area
unexplored area
unexplored area
wall
wall
.dark part of a room
@peaceful priest of The Lady
wall
wall
wall
wall
wall
wall
wall
wall
wall
unexplored area
unexplored area
unexplored area
unexplored area
unexplored area
unexplored area
unexplored area
unexplored area
unexplored area
unexplored area
unexplored area
unexplored area
unexplored area
unexplored area
unexplored area
unexplored area
unexplored area
unexplored area
unexplored area
unexplored area
unexplored area
unexplored area
unexplored area
unexplored area
unexplored area
unexplored area
unexplored area
unexplored area
unexplored area
unexplored area
unexplored area
unexplored area
unexplored area
unexplored area
unexplored area
unexplored area
unexplored area
wall
unexplored area
unexplored area
wall
.dark part of a room
.dark part of a room
.dark part of a room
%a giant beetle corpse
.dark part of a room
.dark part of a room
.dark part of a room
wall
unexplored area
unexplored area
wall
unexplored area
unexplored area
unexplored area
unexplored area
unexplored area
unexplored area
unexplored area
unexplored area
.dark part of a room
.dark part of a room
wall
wall
unexplored area
wall
wall
.dark part of a room
.dark part of a room
.dark part of a room
wall
.floor of a room
.floor of a room
.floor of a room
.floor of a room
.floor of a room
.floor of a room
.floor of a room
wall
unexplored area
unexplored area
unexplored area
unexplored area
unexplored area
unexplored area
unexplored area
unexplored area
unexplored area
unexplored area
unexplored area
unexplored area
unexplored area
unexplored area
unexplored area
unexplored area
unexplored area
unexplored area
unexplored area
unexplored area
unexplored area
unexplored area
unexplored area
unexplored area
unexplored area
unexplored area
unexplored area
unexplored area
unexplored area
unexplored area
unexplored area
unexplored area
unexplored area
unexplored area
unexplored area
unexplored area
unexplored area
wall
.dark part of a room
unexplored area
wall
wall
wall
wall
[a large shield
wall
wall
wall
wall
unexplored area
.dark part of a room
wall
unexplored area
unexplored area
unexplored area
unexplored area
unexplored area
unexplored area
unexplored area
.dark part of a room
.dark part of a room
.dark part of a room
.dark part of a room
wall
wall
wall
.dark part of a room
.dark part of a room
Ainvisible Angel of Offler
@priestess of Blind Io
wall
%a fire giant corpse
.floor of a room
.floor of a room
.floor of a room
.floor of a room
.floor of a room
.floor of a room
wall
unexplored area
unexplored area
unexplored area
unexplored area
unexplored area
unexplored area
unexplored area
unexplored area
unexplored area
unexplored area
unexplored area
unexplored area
unexplored area
unexplored area
unexplored area
unexplored area
unexplored area
unexplored area
unexplored area
unexplored area
unexplored area
unexplored area
unexplored area
unexplored area
unexplored area
unexplored area
unexplored area
unexplored area
unexplored area
unexplored area
unexplored area
unexplored area
unexplored area
unexplored area
unexplored area
unexplored area
unexplored area
wall
.dark part of a room
.dark part of a room
.dark part of a room
.dark part of a room
.dark part of a room
.remembered, unseen, creature
.dark part of a room
%a giant beetle corpse
.dark part of a room
.dark part of a room
.dark part of a room
.dark part of a room
.dark part of a room
wall
unexplored area
unexplored area
unexplored area
unexplored area
unexplored area
unexplored area
.dark part of a room
.dark part of a room
.dark part of a room
.dark part of a room
.dark part of a room
.dark part of a room
.doorway
@priestess of Moloch
.floor of a room
.floor of a room
.floor of a room
.floor of a room
AAngel of Offler
.floor of a room
.floor of a room
.floor of a room
@invisible human tourist called rustyspoon
@peaceful high priestess of The Lady
@priestess of Offler
.floor of a room
wall
unexplored area
unexplored area
unexplored area
unexplored area
unexplored area
unexplored area
unexplored area
unexplored area
unexplored area
unexplored area
unexplored area
unexplored area
unexplored area
unexplored area
unexplored area
unexplored area
unexplored area
unexplored area
unexplored area
unexplored area
unexplored area
unexplored area
unexplored area
unexplored area
unexplored area
unexplored area
unexplored area
unexplored area
unexplored area
unexplored area
unexplored area
unexplored area
unexplored area
unexplored area
unexplored area
unexplored area
unexplored area
wall
wall
wall
.dark part of a room
.dark part of a room
.dark part of a room
.dark part of a room
.dark part of a room
.dark part of a room
.dark part of a room
.dark part of a room
.dark part of a room
wall
wall
wall
unexplored area
unexplored area
unexplored area
unexplored area
unexplored area
.dark part of a room
.dark part of a room
.dark part of a room
%a priest corpse
%a priest corpse
.dark part of a room
wall
wall
wall
.dark part of a room
.dark part of a room
.dark part of a room
.dark part of a room
wall
.floor of a room
.floor of a room
.floor of a room
.floor of a room
Arenegade Angel of The Lady
.floor of a room
.floor of a room
wall
@priest of The Lady
unexplored area
unexplored area
unexplored area
unexplored area
unexplored area
unexplored area
unexplored area
unexplored area
unexplored area
unexplored area
unexplored area
unexplored area
unexplored area
unexplored area
unexplored area
unexplored area
unexplored area
unexplored area
unexplored area
unexplored area
unexplored area
unexplored area
unexplored area
unexplored area
unexplored area
unexplored area
unexplored area
unexplored area
unexplored area
unexplored area
unexplored area
unexplored area
unexplored area
unexplored area
unexplored area
unexplored area
unexplored area
unexplored area
wall
wall
wall
wall
wall
|open door
wall
wall
wall
wall
wall
unexplored area
unexplored area
unexplored area
unexplored area
unexplored area
unexplored area
unexplored area
.dark part of a room
.dark part of a room
%a giant beetle corpse
.dark part of a room
.dark part of a room
wall
wall
unexplored area
wall
wall
.dark part of a room
.dark part of a room
.dark part of a room
wall
@healer called Helge the Herbalist
.floor of a room
@renegade priest of The Lady
.floor of a room
.floor of a room
.floor of a room
.floor of a room
wall
unexplored area
unexplored area
unexplored area
unexplored area
unexplored area
unexplored area
unexplored area
unexplored area
unexplored area
unexplored area
unexplored area
unexplored area
unexplored area
unexplored area
unexplored area
unexplored area
unexplored area
unexplored area
unexplored area
unexplored area
unexplored area
unexplored area
unexplored area
unexplored area
unexplored area
unexplored area
unexplored area
unexplored area
unexplored area
unexplored area
unexplored area
unexplored area
unexplored area
unexplored area
unexplored area
unexplored area
unexplored area
unexplored area
unexplored area
unexplored area
unexplored area
.dark part of a room
.dark part of a room
.dark part of a room
.dark part of a room
%a giant beetle corpse
.dark part of a room
.dark part of a room
wall
unexplored area
unexplored area
unexplored area
unexplored area
unexplored area
unexplored area
unexplored area
wall
wall
/a wand
wall
wall
wall
wall
unexplored area
unexplored area
unexplored area
wall
wall
.dark part of a room
.dark part of a room
wall
wall
wall
wall
wall
wall
wall
wall
wall
unexplored area
unexplored area
unexplored area
unexplored area
unexplored area
unexplored area
unexplored area
unexplored area
unexplored area
unexplored area
unexplored area
unexplored area
unexplored area
unexplored area
unexplored area
unexplored area
unexplored area
unexplored area
unexplored area
unexplored area
unexplored area
unexplored area
unexplored area
unexplored area
unexplored area
unexplored area
unexplored area
unexplored area
unexplored area
unexplored area
unexplored area
unexplored area
unexplored area
unexplored area
unexplored area
unexplored area
unexplored area
unexplored area
unexplored area
unexplored area
.dark part of a room
.dark part of a room
.dark part of a room
.dark part of a room
.dark part of a room
.dark part of a room
.dark part of a room
.dark part of a room
.dark part of a room
unexplored area
wall
wall
wall
wall
wall
wall
wall
.dark part of a room
.dark part of a room
.dark part of a room
unexplored area
unexplored area
unexplored area
unexplored area
unexplored area
unexplored area
unexplored area
wall
.dark part of a room
.dark part of a room
.dark part of a room
unexplored area
unexplored area
unexplored area
AAngel of Blind Io
unexplored area
unexplored area
unexplored area
unexplored area
unexplored area
unexplored area
unexplored area
unexplored area
unexplored area
unexplored area
unexplored area
unexplored area
unexplored area
unexplored area
unexplored area
unexplored area
unexplored area
unexplored area
unexplored area
unexplored area
unexplored area
unexplored area
unexplored area
unexplored area
unexplored area
unexplored area
unexplored area
unexplored area
unexplored area
unexplored area
unexplored area
unexplored area
unexplored area
unexplored area
unexplored area
unexplored area
unexplored area
unexplored area
unexplored area
unexplored area
unexplored area
unexplored area
unexplored area
unexplored area
.dark part of a room
.dark part of a room
.dark part of a room
%a giant beetle corpse
.dark part of a room
%a giant beetle corpse
.dark part of a room
.dark part of a room
.dark part of a room
unexplored area
wall
.dark part of a room
.dark part of a room
.dark part of a room
.dark part of a room
.dark part of a room
%a mastodon corpse
.dark part of a room
.dark part of a room
unexplored area
unexplored area
unexplored area
unexplored area
unexplored area
unexplored area
unexplored area
unexplored area
wall
wall
wall
wall
wall
unexplored area
unexplored area
unexplored area
unexplored area
unexplored area
unexplored area
unexplored area
unexplored area
unexplored area
unexplored area
unexplored area
unexplored area
unexplored area
unexplored area
unexplored area
unexplored area
unexplored area
unexplored area
unexplored area
unexplored area
unexplored area
unexplored area
unexplored area
unexplored area
unexplored area
unexplored area
unexplored area
unexplored area
unexplored area
unexplored area
unexplored area
unexplored area
unexplored area
unexplored area
unexplored area
unexplored area
unexplored area
unexplored area
unexplored area
unexplored area
unexplored area
unexplored area
unexplored area
unexplored area
unexplored area
unexplored area
unexplored area
%a fire ant corpse
.dark part of a room
.dark part of a room
%a giant beetle corpse
.dark part of a room
.dark part of a room
.dark part of a room
.dark part of a room
.dark part of a room
wall
wall
.dark part of a room
.dark part of a room
%a cobra corpse
wall
wall
wall
wall
unexplored area
unexplored area
unexplored area
unexplored area
unexplored area
unexplored area
unexplored area
unexplored area
unexplored area
unexplored area
unexplored area
unexplored area
unexplored area
unexplored area
unexplored area
unexplored area
unexplored area
unexplored area
unexplored area
unexplored area
unexplored area
unexplored area
unexplored area
unexplored area
unexplored area
unexplored area
unexplored area
unexplored area
unexplored area
unexplored area
unexplored area
unexplored area
unexplored area
unexplored area
unexplored area
unexplored area
unexplored area
unexplored area
unexplored area
unexplored area
unexplored area
unexplored area
unexplored area
unexplored area
unexplored area
unexplored area
unexplored area
unexplored area
unexplored area
unexplored area
unexplored area
unexplored area
unexplored area
unexplored area
unexplored area
unexplored area
unexplored area
unexplored area
unexplored area
unexplored area
unexplored area
wall
.dark part of a room
.dark part of a room
.dark part of a room
.dark part of a room
%a killer bee corpse
.dark part of a room
.dark part of a room
wall
wall
.dark part of a room
.dark part of a room
.dark part of a room
.dark part of a room
wall
unexplored area
unexplored area
unexplored area
unexplored area
unexplored area
unexplored area
unexplored area
unexplored area
unexplored area
unexplored area
unexplored area
unexplored area
unexplored area
unexplored area
unexplored area
unexplored area
unexplored area
unexplored area
unexplored area
unexplored area
unexplored area
unexplored area
unexplored area
unexplored area
unexplored area
unexplored area
unexplored area
unexplored area
unexplored area
unexplored area
unexplored area
unexplored area
unexplored area
unexplored area
unexplored area
unexplored area
unexplored area
unexplored area
unexplored area
unexplored area
unexplored area
unexplored area
unexplored area
unexplored area
unexplored area
unexplored area
unexplored area
unexplored area
unexplored area
unexplored area
unexplored area
unexplored area
unexplored area
unexplored area
unexplored area
unexplored area
unexplored area
unexplored area
unexplored area
unexplored area
unexplored area
unexplored area
unexplored area
unexplored area
unexplored area
wall
wall
wall
(a pick-axe
wall
wall
wall
wall
.dark part of a room
.dark part of a room
%a tourist corpse named Andy the Journeyer
wall
wall
wall
unexplored area
unexplored area
unexplored area
unexplored area
unexplored area
unexplored area
unexplored area
unexplored area
unexplored area
unexplored area
unexplored area
unexplored area
unexplored area
unexplored area
unexplored area
unexplored area
unexplored area
unexplored area
unexplored area
unexplored area
unexplored area
unexplored area
unexplored area
unexplored area
unexplored area
unexplored area
unexplored area
unexplored area
unexplored area
unexplored area
unexplored area
unexplored area
unexplored area
unexplored area
unexplored area
unexplored area
unexplored area
unexplored area
unexplored area
unexplored area
unexplored area
unexplored area
unexplored area
unexplored area
unexplored area
unexplored area
unexplored area
unexplored area
unexplored area
unexplored area
unexplored area
unexplored area
unexplored area
unexplored area
unexplored area
unexplored area
unexplored area
unexplored area
unexplored area
unexplored area
unexplored area
unexplored area
unexplored area
unexplored area
unexplored area
.dark part of a room
.dark part of a room
.dark part of a room
.dark part of a room
.dark part of a room
0a boulder
.dark part of a room
.dark part of a room
.dark part of a room
.dark part of a room
.dark part of a room
wall
unexplored area
unexplored area
unexplored area
unexplored area
unexplored area
unexplored area
unexplored area
unexplored area
unexplored area
unexplored area
unexplored area
unexplored area
unexplored area
unexplored area
unexplored area
unexplored area
unexplored area
unexplored area
unexplored area
unexplored area
unexplored area
unexplored area
unexplored area
unexplored area
unexplored area
unexplored area
unexplored area
unexplored area
unexplored area
unexplored area
unexplored area
unexplored area
unexplored area
unexplored area
unexplored area
unexplored area
unexplored area
unexplored area
unexplored area
unexplored area
unexplored area
unexplored area
unexplored area
unexplored area
unexplored area
unexplored area
unexplored area
unexplored area
unexplored area
unexplored area
unexplored area
unexplored area
unexplored area
unexplored area
unexplored area
unexplored area
unexplored area
unexplored area
unexplored area
unexplored area
unexplored area
unexplored area
unexplored area
unexplored area
unexplored area
unexplored area
unexplored area
wall
wall
wall
wall
wall
wall
wall
wall
wall
wall
wall
wall
unexplored area
unexplored area
unexplored area
unexplored area
unexplored area
unexplored area
unexplored area
unexplored area
unexplored area
unexplored area
unexplored area
unexplored area
unexplored area
unexplored area
unexplored area
unexplored area
unexplored area
unexplored area
unexplored area
unexplored area
unexplored area
unexplored area
unexplored area
unexplored area
unexplored area
unexplored area
unexplored area
unexplored area
unexplored area
unexplored area
unexplored area
[Rustyspoon the Traveler ] St:25 Dx:16 Co:18 In:18 Wi:17 Ch:18 Neutral Astral Plane $:0 HP:300(300) Pw:52(52) AC:-38 Xp:15 T:41055 Satiated

Latest messages:

The wand hits the priestess of Blind Io!
Boing!
The priestess of Blind Io casts a spell!
The priestess of Blind Io looks better.
You hear a distant zap.
You hear an ice troll reading a scroll of create monster.
The Angel of The Lady swings his long sword at the invisible Angel of Offler.
The Angel of The Lady hits the invisible Angel of Offler.
The Angel of The Lady swings his long sword at the invisible Angel of Offler.
The Angel of The Lady misses the invisible Angel of Offler.
The Angel of The Lady hits the invisible Angel of Offler.
The invisible Angel of Offler wields a long sword!
The Angel of Offler swings her long sword at the priestess of Blind Io.
The Angel of Offler hits the priestess of Blind Io.
The Angel of Offler swings her long sword at the priestess of Blind Io.
The Angel of Offler hits the priestess of Blind Io.
The Angel of Offler hits the priestess of Blind Io.
The priestess of Blind Io swings her mace at the Angel of Offler.
The priestess of Blind Io hits the Angel of Offler.
The priestess of Blind Io misses the Angel of Offler.
You hear a distant zap.
You hear a mumbled curse.
The high priestess intones:
"Pilgrim, you enter a sacred place!"
Helge the Herbalist turns to flee.
Helge the Herbalist wields a sling!
You hear a troll reading a scroll of create monster.
You hear an ice troll reading a scroll of create monster.
Helge the Herbalist wields a staff!
The renegade Angel of The Lady wields a long sword!
"Up thy nose with a rubber hose!"
The Angel of Offler zaps you with a magic missile!
The magic missile whizzes by you!
Helge the Herbalist wields a sling!
The Angel of Offler zaps you with a magic missile!
The magic missile hits you!
But it reflects from your medallion!
The magic missile hits the Angel of Offler.
The renegade priest of The Lady wields a mace!
The priestess of Blind Io casts a spell!
You hear a distant zap.
The high priestess wields a mace!
There is a high altar to The Lady (neutral) here.
What do you want to sacrifice? [W or ?*]
You offer the Amulet of Yendor to The Lady...
An invisible choir sings, and you are bathed in radiance...
The voice of The Lady rings out: "Mortal, thou hast done well!"
"In return for thy service, I grant thee the gift of Immortality!"
You ascend to the status of Demigoddess...
Do you want your possessions identified? [ynq] (y)

Inventory:

Amulets

h - an uncursed amulet of reflection (being worn)

Weapons

a - the blessed rustproof +6 Magicbane (wielded in right hand)
w - a blessed +7 silver saber (wielded in left hand)

Armor

A - a blessed fireproof +5 Hawaiian shirt with a palm tree motif (being worn)
B - a blessed greased +4 gray dragon scale mail (being worn)
C - a blessed greased fireproof +5 cloak of protection (being worn)
D - a blessed fireproof +5 pair of speed boots (being worn)
E - a blessed greased rustproof +5 pair of gauntlets of power (being worn)
F - an uncursed thoroughly rusty +1 dwarvish iron helm (being worn)

Comestibles

L - an uncursed lizard corpse named KFC

Scrolls

Y - an uncursed scroll of create monster

Spellbooks

O - the uncursed Book of the Dead

Rings

n - a blessed ring of conflict (on left hand)
H - a blessed ring of free action (on right hand)

Wands

d - an uncursed wand of death (1:4)
z - an uncursed wand of digging (0:3)
G - an uncursed wand of teleportation (0:0)
P - an uncursed wand of digging (0:7)
Q - an uncursed wand of teleportation (0:1)

Tools

b - a blessed greased bag of holding containing 118 items
g - the uncursed Bell of Opening (0:1)
k - an uncursed skeleton key
m - the blessed Platinum Yendorian Express Card
s - an uncursed oilskin sack named oilskin sack containing 1 item
t - a blessed blindfold
u - a blessed +0 unicorn horn named Lh;
v - a blessed magic lamp (lit)
M - the uncursed Candelabrum of Invocation (0 of 7 candles attached)

Gems/Stones

x - a blessed luckstone

Contents of the bag of holding:

an uncursed amulet of flying
an uncursed amulet of life saving
an uncursed amulet of life saving
an uncursed amulet of life saving
an uncursed +0 pair of water walking boots
8 uncursed C-rations
10 uncursed K-rations
an uncursed lizard corpse
2 uncursed scrolls of light
2 blessed scrolls of scare monster
23 uncursed scrolls of blank paper
a blessed scroll of charging
an uncursed scroll of charging
2 uncursed scrolls of create monster
a cursed scroll of create monster
an uncursed scroll of create monster
2 uncursed scrolls of destroy armor
2 uncursed scrolls of earth
a blessed scroll of enchant armor
2 blessed scrolls of enchant weapon
a blessed scroll of fire
3 uncursed scrolls of fire
an uncursed scroll of fire
a blessed scroll of genocide
an uncursed scroll of genocide
8 blessed scrolls of identify
2 uncursed scrolls of identify
a cursed scroll of identify
3 blessed scrolls of remove curse
an uncursed scroll of taming
16 potions of holy water
11 uncursed potions of water
4 potions of unholy water
an uncursed potion of extra healing
an uncursed potion of extra healing
4 blessed diluted potions of full healing
2 uncursed potions of gain energy
2 uncursed potions of healing
an uncursed potion of levitation
2 uncursed potions of paralysis
a cursed potion of paralysis
an uncursed potion of restore ability
a blessed ring of conflict
an uncursed ring of conflict
an uncursed ring of free action
an uncursed ring of free action
an uncursed ring of free action
an uncursed ring of free action
an uncursed ring of free action
a blessed ring of levitation
an uncursed ring of levitation
an uncursed ring of levitation
an uncursed ring of levitation
an uncursed ring of regeneration
an uncursed ring of regeneration
an uncursed ring of regeneration
a blessed ring of slow digestion
a blessed ring of teleport control
an uncursed ring of teleport control
an uncursed ring of teleport control
an uncursed wand of slow monster (0:6)
an uncursed wand of slow monster (0:3)
an uncursed wand of cold (0:4)
an uncursed wand of cold (0:6)
an uncursed wand of cold (0:5)
an uncursed wand of cold (0:5)
an uncursed wand of cold (0:8)
an uncursed wand of cold (0:3)
an uncursed wand of cold (0:8)
an uncursed wand of death (1:5)
an uncursed wand of digging (0:8)
an uncursed wand of digging (0:6)
an uncursed wand of digging (0:5)
an uncursed wand of digging (0:5)
an uncursed wand of digging (0:6)
an uncursed wand of digging (0:7)
an uncursed wand of digging (0:5)
an uncursed wand of digging (0:5)
an uncursed wand of digging (0:3)
an uncursed wand of digging (0:7)
an uncursed wand of digging (0:5)
an uncursed wand of fire (0:7)
an uncursed wand of fire (0:5)
an uncursed wand of fire (0:7)
an uncursed wand of fire (0:4)
an uncursed wand of fire (0:6)
an uncursed wand of lightning (0:7)
an uncursed wand of lightning (0:5)
an uncursed wand of lightning (0:7)
an uncursed wand of lightning (0:5)
an uncursed wand of lightning (0:3)
an uncursed wand of lightning (0:5)
an uncursed wand of lightning (0:6)
an uncursed wand of polymorph (0:8)
an uncursed wand of polymorph (0:8)
an uncursed wand of polymorph (0:7)
an uncursed wand of polymorph (2:1)
an uncursed wand of secret door detection (0:10)
an uncursed wand of secret door detection (0:13)
an uncursed wand of sleep (0:8)
an uncursed wand of sleep (0:7)
an uncursed wand of sleep (0:4)
an uncursed wand of sleep (0:8)
an uncursed wand of striking (0:5)
an uncursed wand of striking (0:7)
an uncursed wand of teleportation (0:7)
an uncursed wand of teleportation (0:7)
an uncursed wand of teleportation (0:4)
an uncursed wand of teleportation (0:4)
an uncursed wand of teleportation (0:5)
an uncursed wand of teleportation (0:6)
an uncursed wand of wishing (1:2)
an uncursed bugle
5 cursed tallow candles
an uncursed can of grease (0:7)
a blessed magic marker (0:35)
a blessed +6 pick-axe
2 uncursed amethyst stones

Contents of the oilskin sack named oilskin sack:

a cursed wand of cancellation (0:5)

Rustyspoon the Tourist's attributes:


Background:

You were a Traveler, a level 15 female human Tourist.
You were neutral, on a mission for The Lady
who was opposed by Blind Io (lawful) and Offler (chaotic).
You were in the endgame, on the Astral Plane.
You entered the dungeon 41055 turns ago.
There was a full moon in effect when your adventure ended.
You had 265480 experience points, 54520 more were needed to attain level 16.

Basics:

You had all 300 hit points.
You had all 52 energy points (spell power).
Your armor class was -38.
Your wallet was empty.
Autopickup was off.

Final Characteristics:

Your strength was 25 (base:18/54, peak:18/55, innate limit:18/100).
Your dexterity was 16 (peak:18, limit:18).
Your constitution was 18 (limit:18).
Your intelligence was 18 (limit:18).
Your wisdom was 17 (peak:18, limit:18).
Your charisma was 18 (limit:18).

Final Status:

You were satiated.
You were unencumbered.
You were wielding two weapons at once.
Your skill in dagger was limited by being skilled with two weapons.
You were skilled in saber and two weapons.

Final Attributes:

You were the Envoy of Balance.
You were piously aligned.
You were magic-protected.
You were fire resistant.
You were cold resistant.
You were sleep resistant.
You were disintegration-resistant.
You were shock resistant.
You were poison resistant.
You saw invisible.
You were telepathic.
You had automatic searching.
You were invisible to others.
You were stealthy.
You caused conflict.
You had a moderate defense bonus (+9).
You were protected.
You took half spell damage.
You were very fast.
You had reflection.
You had free action.
You were extremely lucky.
You had extra luck.
Good luck did not time out for you.
You survived.

Miscellaneous:
You never encountered a bones level.
Total elapsed playing time was 6 hours, 32 minutes and 35 seconds.

Major events:

Turn

1: rustyspoon the neutral female human Tourist entered the dungeon
1021: attained the rank of Sightseer (level 3)
1551: entered the Gnomish Mines
2896: attained the rank of Excursionist (level 6)
4044: reached Mine Town
6423: entered Sokoban
6692: completed 1st Sokoban level
7136: completed 2nd Sokoban level
7836: completed 3rd Sokoban level
8475: completed 4th Sokoban level
9219: acquired the Sokoban amulet of reflection
9866: attained the rank of Peregrinatrix (level 10)
12373: made her first wish - "blessed greased +2 gray dragon scale mail", got "a greased gray dragon scale mail"
13214: was bestowed with Vorpal Blade by The Lady
13658: was bestowed with Cleaver by The Lady
15154: acquired the Mines' End luckstone
16773: killed the Oracle
17026: was bestowed with Magicbane by The Lady
25406: killed Medusa
25997: wished for "blessed greased bag of holding", got "a greased bag"
27007: read a Discworld novel
29306: attained the rank of Traveler (level 14)
31724: found the Platinum Yendorian Express Card on the floor
31842: killed the Master of Thieves
31844: acquired the Bell of Opening
33095: became The Lady's Envoy of Balance
33832: wished for "blessed greased fixed +2 gauntlets of power", got "a greased pair of riding gloves"
33842: wished for "blessed magic marker", got "a magic marker"
33875: performed her first genocide (class L)
33875: genocided class h
33899: entered Gehennom
35551: bribed Asmodeus with 50 zorkmids for safe passage
36077: killed Juiblex
36288: bribed Baalzebub with 10 zorkmids for safe passage
36931: destroyed Vlad the Impaler
36947: acquired the Candelabrum of Invocation
38508: killed Orcus
39201: killed the Wizard of Yendor
39207: acquired the Book of the Dead
39282: performed the invocation
39407: killed the high priestess of Moloch
39422: acquired The Amulet of Yendor
39448: killed the Wizard of Yendor (2nd time)
39777: killed the Wizard of Yendor (3rd time)
40672: entered the Elemental Planes
40672: entered Plane of Earth
40673: killed the Wizard of Yendor (5th time)
40729: entered Plane of Air
40776: entered Plane of Fire
40835: entered Plane of Water
40838: genocided class ;
40958: entered the Astral Plane
40969: killed Famine
40992: killed Famine (2nd time)
41037: killed Pestilence
41055: ascended

Vanquished creatures:

Orcus
Juiblex
the Wizard of Yendor (6 times)
Pestilence
Famine (twice)
Vlad the Impaler
a high cleric
a mastodon
Medusa
15 krakens
the Master of Thieves
2 iron golems
a glass golem
3 purple worms
a gray dragon
2 gold dragons
2 silver dragons
4 red dragons
2 white dragons
3 orange dragons
3 black dragons
a blue dragon
3 yellow dragons
12 minotaurs
4 baluchitheria
3 Angels
a demilich
2 Olog-hai
a Nazgul
a pit fiend
a sandestin
4 hell hounds
3 displacer beasts
2 titanotheres
3 trappers
a baby silver dragon
2 baby black dragons
2 guardian nagas
3 genetic engineers
a disenchanter
26 vampire leaders
2 skeletons
4 shopkeepers
the Oracle
8 aligned clerics
6 captains
5 shades
3 liches
2 clay golems
2 nurses
4 ice devils
2 nalfeshnees
3 lurkers above
an Aleax
2 frost giants
an ettin
11 black puddings
18 vampires
8 lieutenants
a watch captain
60 ghosts
a tourist
2 queen bees
2 winged gargoyles
a mind flayer
12 giant mimics
8 long worms
a zruty
10 fire giants
8 ogre tyrants
3 ice trolls
10 rock trolls
5 umber hulks
3 flesh golems
6 elven monarchs
2 doppelgangers
2 hezrous
a bone devil
15 large mimics
2 wumpuses
13 stalkers
an air elemental
a fire elemental
3 water elementals
8 hill giants
2 giant mummies
a black naga
5 xorns
24 giant zombies
12 elf-nobles
23 sergeants
4 barbed devils
3 vrocks
7 salamanders
5 wargs
2 winter wolves
5 hell hound pups
25 small mimics
2 glass piercers
a warhorse
6 steam vortices
6 xans
2 ettin mummies
3 ogre leaders
5 quantum mechanics
24 trolls
6 sasquatches
a wood golem
2 erinyes
3 mariliths
8 sharks
8 electric eels
5 gelatinous cubes
2 pyrolisks
3 large dogs
2 freezing spheres
5 flaming spheres
3 shocking spheres
5 tigers
8 gargoyles
a dwarf ruler
4 tengu
4 ochre jellies
7 leocrottas
4 energy vortices
8 mountain centaurs
10 stone giants
4 elf mummies
3 red nagas
4 pythons
7 pit vipers
3 cobras
42 wraiths
4 carnivorous apes
21 ettin zombies
19 Grey-elves
110 soldiers
5 watchmen
19 amorous demons
5 horned devils
6 chameleons
24 giant beetles
4 quivering blobs
18 cockatrices
14 wolves
6 winter wolf cubs
2 lynxes
5 panthers
7 gremlins
2 spotted jellies
29 leprechauns
2 orc-captains
4 iron piercers
2 mumakil
97 giant spiders
8 scorpions
4 horses
3 ice vortices
a baby long worm
10 black lights
11 vampire bats
25 forest centaurs
8 gnome rulers
4 orc mummies
3 dwarf mummies
4 ogres
2 brown puddings
8 rust monsters
16 owlbears
5 yetis
2 gold golems
5 werewolves
11 Green-elves
8 piranha
20 giant eels
8 lizards
4 chickatrices
a dingo
3 dogs
3 housecats
7 jaguars
3 dwarf leaders
4 blue jellies
4 white unicorns
a gray unicorn
a black unicorn
9 dust vortices
40 ravens
4 plains centaurs
a Kop Kaptain
3 gnome mummies
5 snakes
6 water moccasins
6 apes
16 human zombies
2 rope golems
6 Woodland-elves
19 soldier ants
8 fire ants
8 bugbears
3 imps
3 lemures
8 quasits
6 wood nymphs
3 water nymphs
4 mountain nymphs
4 Mordor orcs
19 Uruk-hai
6 orc shamans
9 rock piercers
7 rock moles
6 ponies
3 fog clouds
11 yellow lights
a shrieker
3 violet fungi
23 gnome leaders
7 gnomish wizards
4 Kop Lieutenants
8 kobold mummies
7 gray oozes
a barrow wight
18 elf zombies
19 ghouls
a paper golem
6 jellyfish
32 giant ants
8 floating eyes
4 kittens
25 dwarves
5 homunculi
3 kobold leaders
4 kobold shamans
11 hill orcs
4 rothes
3 rabid rats
5 centipedes
7 giant bats
15 orc zombies
17 dwarf zombies
2 wererats
3 werejackals
11 iguanas
86 killer bees
2 acid blobs
a coyote
a gas spore
12 hobbits
5 manes
2 large kobolds
14 hobgoblins
a giant rat
18 cave spiders
3 brown molds
3 yellow molds
2 green molds
a red mold
68 gnomes
8 Keystone Kops
8 garter snakes
20 gnome zombies
13 geckos
15 jackals
4 foxes
3 kobolds
2 goblins
a sewer rat
12 grid bugs
4 bats
10 lichens
20 kobold zombies
8 newts
2154 creatures vanquished.

Genocided or extinct species:

hobbits
dwarves
bugbears
dwarf leaders
dwarf rulers
mind flayers
master mind flayers
liches
demiliches
master liches
arch-liches
soldiers (extinct)
erinyes (extinct)
jellyfish
piranha
sharks
giant eels
electric eels
krakens
17 species genocided.
2 species extinct.

Voluntary challenges:

You read items or engraved 114 times.
You engraved Elbereth 8 times.
You genocided 17 types of monsters.
You never changed form.
You used 4 wishes.
You did not wish for any artifacts.
You did not violate any of the special Sokoban rules.

Achievements:

You attained the rank of Sightseer.
You entered the Gnomish Mines.
You attained the rank of Excursionist.
You entered Minetown.
You entered a shop.
You entered a temple.
You entered Sokoban.
You completed Sokoban.
You attained the rank of Peregrinatrix.
You completed the Gnomish Mines.
You defeated Medusa.
You read from a Discworld novel.
You attained the rank of Traveler.
You had the Bell of Opening.
You entered Gehennom.
You had the Candelabrum of Invocation.
You had the Book of the Dead.
You gained access to Moloch's Sanctum.
You reached the Elemental Planes.
You reached the Astral Plane.
You delivered the Amulet of Yendor.
You ascended!

The Elemental Planes:

   Astral Plane: <- You are here.
Some temples.
Plane of Water:
Plane of Fire:
Plane of Air:
Plane of Earth:

The Dungeons of Doom: levels 1 to 28

   Level 1:
One way stairs up to The Elemental Planes.
Level 2:
A fountain.
Level 3:
A fountain.
Level 4:
A fountain.
Stairs down to The Gnomish Mines.
Level 5:
A sink.
Level 6:
A grave.
Level 7:
A sink.
Level 8:
Many fountains.
Oracle of Delphi.
Level 9:
Stairs up to Sokoban, level 8.
Level 10:
A fountain.
Level 11:
Some fountains.
Level 12:
An untended shop, a fountain.
Level 13:
A sink.
Level 14:
A fountain, a grave.
Level 15:
A primitive area.
Portal to The Quest.
Level 16:
Level 17:
A temple, some graves.
Level 18:
A general store.
Level 19:
A sink, some graves.
Level 20:
A sink.
Level 21:
An altar to The Lady, a fountain, a grave.
Level 22:
Level 23:
Some fountains.
Level 24:
A fountain.
Level 25:
A fountain.
Level 26:
Many trees.
Level 27: "stash >"
Level 28:
The castle.
Connection to Gehennom.

Gehennom: levels 29 to 49

   Level 29:
A temple, many graves.
Valley of the Dead.
Level 30:
Level 31:
Level 32:
Level 33:
Level 34:
Some fountains.
Level 35:
Level 36:
Level 37:
Level 38:
Level 39:
Stairs up to Vlad's Tower, level 38.
Level 40:
Level 41:
Level 42:
Level 43:
Some shops, an altar, a grave.
Level 44:
Level 45:
Level 46:
Level 47:
Level 48:
Level 49:
A temple, many graves.
Moloch's Sanctum.

The Gnomish Mines: levels 5 to 13

   Level 5: "sell stash >"
Level 6:
Level 7:
Level 8: "stash closet with vorpy"
Many shops, a temple to The Lady.
Level 9:
Level 10:
Level 11: "poly trap"
Level 12:
Level 13:

The Quest: levels 1 to 5

   Level 1:
A throne.
Completed quest for Twoflower.
Level 2:
Level 3:
Some shops, some graves.
Level 4: "backup BoH"
Level 5:
Some shops, a grave.

Sokoban: levels 8 up to 5

   Level 5:
Solved.
Level 6:
Solved.
Level 7:
Solved.
Level 8:
Solved.

Vlad's Tower: levels 38 up to 36

   Level 36:
Level 37: "crap stash"
Level 38:

Aloha rustyspoon the Demigoddess...


You went to your reward with 2145804 points,
Magicbane (worth 3500 zorkmids and 8750 points)
The Bell of Opening (worth 5000 zorkmids and 12500 points)
The Platinum Yendorian Express Card (worth 7000 zorkmids and 17500 points)
The Candelabrum of Invocation (worth 5000 zorkmids and 12500 points)
The Book of the Dead (worth 10000 zorkmids and 25000 points)
and 0 pieces of gold, after 41055 moves.
You were level 15 with a maximum of 300 hit points when you ascended.